 Dungeon Crawl Stone Soup version 0.28-a0-258-g8de209e91f (webtiles) character file.

Game seed: 13312186416113284153

1 bande the Skirmisher (level 1, 0/14 HPs)
             Began as a Gargoyle Fighter on Aug 26, 2021.
             Slain by a goblin (2 damage)
             ... on level 1 of the Dungeon.
             The game lasted 00:00:20 (66 turns).

bande the Skirmisher (Gargoyle Fighter)               Turns: 66, Time: 00:00:20

Health: 0/14       AC: 10    Str: 19    XL:     1   Next: 20%
Magic:  1/1        EV:  7    Int:  8    God:
Gold:   36         SH:  7    Dex:  9    Spells: 0/0 levels left

rFire   . . .      SeeInvis .   a - +0 war axe
rCold   . . .      Faith    .   c - +0 kite shield
rNeg    + . .      Spirit   .   b - +0 scale mail
rPois   ∞          Reflect  .   e - +0 helmet
rElec   +          Harm     .   (no cloak)
rCorr   .          Rampage  .   (no gloves)
Will    .....                   (no boots)
Stlth   ..........              (no amulet)
HPRegen 0.04/turn               (no ring)
MPRegen 0.07/turn               (no ring)

@: no status effects
A: sickness immunity, AC +2, negative energy resistance 1, electricity
resistance, torment resistance 1, petrification resistance
a: no special abilities


You were on level 1 of the Dungeon.
You visited 1 branch of the dungeon, and saw 1 of its levels.

You collected 36 gold pieces.

Inventory:

Hand Weapons
 a - a +0 war axe (weapon)
Armour
 b - a +0 scale mail (worn)
 c - a +0 kite shield (worn)
 e - a +0 helmet (worn)
Scrolls
 f - a scroll of identify {unknown}
Potions
 d - a potion of might


   Skills:
 + Level 3.3 Fighting
 + Level 1.7 Axes
 + Level 3.3 Armour
 + Level 3.3 Shields


You couldn't memorise any spells.
You didn't know any spells.
Your spell library was empty.

Dungeon Overview and Level Annotations

Branches:
Dungeon (1/15)

Altars:


Innate Abilities, Weirdness & Mutations

You are immune to sickness and miasma.
Your stone body is resilient. (AC +2)
You are immune to poison.
You resist negative energy. (rN+)
You are resistant to electric shocks. (rElec)
You are resistant to unholy torment.
You are immune to petrification.


Message History

You now have 36 gold pieces (gained 15).
Found a stone staircase leading down.
An endoplasm comes into view.
The endoplasm quivers.
The endoplasm moves out of view.
A goblin comes into view. It is wielding a +0 dagger.
The goblin shouts!
A quokka comes into view.
The endoplasm freezes you.
You are frozen.
You hit the endoplasm.
The endoplasm is almost dead.
You closely miss the goblin. The endoplasm closely misses you.
The goblin hits you with a +0 dagger. The endoplasm freezes you.
You are frozen.
You hit the endoplasm.
You kill the endoplasm!
You closely miss the goblin.
The goblin hits you but does no damage. x2
You closely miss the goblin. You block the goblin's attack.
The goblin hits you with a +0 dagger.
You barely miss the goblin. The goblin hits you with a +0 dagger.
You are too injured to fight recklessly!
Unknown command.
You hit the goblin.
The goblin is moderately wounded.
The goblin hits you but does no damage. x2; You block the quokka's attack.
You barely miss the goblin.
The goblin is moderately wounded.
You barely miss the quokka. You block the quokka's attack.
The goblin hits you but does no damage. The quokka closely misses you.
You closely miss the goblin.
The goblin is moderately wounded.
You hit the quokka but do no damage. The goblin hits you but does no damage.
The quokka bites you but does no damage.
The goblin hits you with a +0 dagger.
* * * LOW HITPOINT WARNING * * *
The quokka barely misses you. The goblin hits you with a +0 dagger.
You die...

# #.######## #.#.#.#.....
#.#.#....... ...........
########### #.#....... #
≈≈≈≈≈≈≈≈≈P#.#...#######.#
P≈≈≈≈≈≈≈P.#.....#........
.P≈≈≈≈≈P......rg......>..
..P≈≈≈P.........@........
...P≈P.....######.###.#####
....P........# #.#.......#
.............# #.#.....#
....<........####.#.....#
........................#
....P.......#####.#..####.#
...P≈P......# ...#.......#
..P≈≈≈P.....# ##..#..######


You could see a quokka and a goblin.

Vanquished Creatures
  An endoplasm (D:1)
1 creature vanquished.

Notes
Turn   | Place    | Note
-------+----------+-------------------------------------------
     0 | D:1      | bande the Gargoyle Fighter began the quest for the Orb.
     0 | D:1      | Reached XP level 1. HP: 14/14 MP: 1/1
    66 | D:1      | Slain by a goblin

Illustrated notes

Levels and vault maps discovered:
D:1:      eino_arrival_druids_welcome, layout_basic

Action                   || total
-------------------------++-------
Melee: War axe           ||     7
Armor: Scale mail        ||     7
Dodge: Dodged            ||     3
Block: Kite shield       ||     3

Table legend: (Time is in decaauts)
 A = Elapsed time spent in this place.
 B = Non-inter-level travel time spent in this place.
 C = Inter-level travel time spent in this place.
 D = Time resting spent in this place.
 E = Time spent auto-exploring this place.
 F = Levels seen in this place.
 G = Mean time per level.
                   A        B        C        D        E       F      G
               +--------+--------+--------+--------+--------+-----+--------+
         Total |     70 |     70 |      0 |      0 |     37 |   1 |   70.0 |
       Dungeon |     70 |     70 |      0 |      0 |     37 |   1 |   70.0 |
               +--------+--------+--------+--------+--------+-----+--------+

Top non-repeatable levels by time:
     D:1: 70 daAuts
